 Dungeon Crawl Stone Soup version 0.31.0-11-ge490571c62 (webtiles) character file.

Game seed: 2646029150875481079

57370 Aldia the Unseen (level 14, 0/86 HPs)
             Began as a Vampire Enchanter on Jan 28, 2024.
             Was a High Priest of Dithmenos.
             Killed by divine providence
             ... invoked by an orc priest
              (13 damage)
             ... on level 1 of the Orcish Mines.
             The game lasted 00:54:41 (14636 turns).

Aldia the Unseen (Vampire Enchanter)               Turns: 14636, Time: 00:54:41

Health: 0/86       AC: 16    Str:  7    XL:     14   Next: 45%
Magic:  26/32      EV: 21    Int: 21    God:    Dithmenos [*****.]
Gold:   1593       SH:  0    Dex: 22    Spells: 14/25 levels left

rFire   + + .        c - +3 dagger (venom)
rCold   + + +        (no shield)
rNeg    + + +        a - +2 robe {rC+ rF+}
rPois   ∞            s - +2 helmet
rElec   .            H - +2 cloak {rCorr}
rCorr   +            u - +2 pair of gloves of the Elven Halls {rF+ Regen+}
SInv    +            x - +2 pair of boots
Will    +....        K - amulet of magic regeneration Stlth ******++++
                     v - +6 ring of dexterity
HPRegen 0.00/turn    o - ring of magical power
MPRegen 0.63/turn

%: no passive effects
@: bloodless, inhibited regen, wreathed by umbra
A: bloodless, fangs 3, see invisible, vampiric 2
a: Bat Form, Revivify, Renounce Religion, Shadow Step, Shadow Form


You were on level 1 of the Orcish Mines.
You worshipped Dithmenos.
Dithmenos was extremely pleased with you.
You visited 4 branches of the dungeon, and saw 19 of its levels.

You collected 1869 gold pieces.
You spent 276 gold pieces at shops.

Inventory:

Hand Weapons
 c - a +3 dagger of venom (weapon)
 J - a +4 dagger
Missiles
 E - 7 curare-tipped darts (quivered)
 O - 2 throwing nets
 Y - 2 datura-tipped darts
Armour
 a - a +2 robe of resistance (worn)
 n - a scarf of repulsion
 s - a +2 helmet (worn)
 u - the +2 pair of gloves of the Elven Halls (worn) {rF+ Regen+}
   (You bought it in a shop on level 6 of the Dungeon)

   rF+:       It protects you from fire.
   Regen+:    It increases your rate of health regeneration.
 x - a +2 pair of boots (worn)
 y - +0 acid dragon scales
 H - a +2 cloak of preservation (worn)
 Z - +0 steam dragon scales
Jewellery
 j - a ring of protection from cold
 o - a ring of magical power (right hand)
 t - a ring of flight
 v - a +6 ring of dexterity (left hand)
 w - a ring of magical power
 C - an amulet of regeneration
 F - a ring of willpower
 K - an amulet of magic regeneration (around neck)
 N - a +6 ring of dexterity
 R - an amulet of the acrobat
 W - an amulet of guardian spirit
Wands
 q - a wand of iceblast (28)
 r - a wand of flame (26)
 G - a wand of polymorph (5)
 I - a wand of charming (9)
 M - a wand of light (9)
Scrolls
 b - a scroll of brand weapon
 d - 2 scrolls of poison
 e - 9 scrolls of teleportation
 f - 5 scrolls of noise
 h - a scroll of fog
 k - 2 scrolls of immolation
 A - 5 scrolls of enchant weapon
 B - a scroll of silence
 D - a scroll of vulnerability
 L - 12 scrolls of identify
 P - a scroll of torment
 V - a scroll of amnesia
Potions
 g - 2 potions of lignification
 i - 8 potions of curing
 l - 4 potions of haste
 m - a potion of berserk rage
 z - a potion of attraction
 S - a potion of brilliance
 T - 6 potions of ambrosia
 U - a potion of mutation
 X - a potion of might
Miscellaneous
 Q - a phial of floods (inert)


   Skills:
 + Level 9.1 Fighting
 - Level 10.0 Short Blades
 - Level 12.0 Dodging
 + Level 18.6 Stealth
 - Level 6.0 Spellcasting
 - Level 2.0 Conjurations
 - Level 10.0 Hexes
 - Level 1.0 Ice Magic
 * Level 9.5 Invocations
 + Level 6.3 Evocations


You had 14 spell levels left.
You knew the following spells:

 Your Spells              Type           Power      Damage    Failure   Level
a - Ensorcelled Hibernat  Hex/Ice        58%        N/A       1%          2
b - Confusing Touch       Hex            48%        N/A       1%          3
c - Tukima's Dance        Hex            48%        N/A       1%          3
d - Dazzling Flash        Conj/Hex       62%        N/A       2%          3

Your spell library contained the following spells:

 Spells                   Type           Power      Damage    Failure   Level
 Sigil of Binding         Hex            48%        N/A       1%          3
 Cause Fear               Hex            24%        N/A       1%          4
 Inner Flame              Hex/Fire       27%        N/A       3%          3
 Shock                    Conj/Air       40%        1d5       6%          1
 Necrotise                Necr           24%        1d5       10%         1
 Dimensional Bullseye     Hex/Tloc       13%        N/A       12%         4
 Hailstorm                Conj/Ice       12%        3d6       16%         3
 Summon Ice Beast         Ice/Summ       8%         N/A       24%         3
 Call Canine Familiar     Summ           6%         N/A       28%         3
 Swiftness                Air            6%         N/A       28%         3
 Vampiric Draining        Necr           6%         2d6       28%         3
 Silence                  Hex/Air        13%        N/A       34%         5
 Iskenderun's Mystic Bla  Conj/Tloc      10%        2d4       54%         4
 Airstrike                Air            3%         2d(1-17)  67%         4
 Martyr's Knell           Necr/Summ      6%         N/A       67%         4
 Passage of Golubria      Tloc           6%         N/A       67%         4
 Fireball                 Conj/Fire      5%         3d5       87%         5
 Irradiate                Conj/Alch      5%         3d13      87%         5
 Curse of Agony           Necr           6%         N/A       95%         5
 Sculpt Simulacrum        Ice/Alch       4%         N/A       100%        6
 Ozocubu's Refrigeration  Ice            5%         4d8       100%        7
 Ignition                 Fire           3%         3d4       100%        8
 Lehudib's Crystal Spear  Conj/Erth      5%         10d3      100%        8
 Dragon's Call            Summ           3%         N/A       100%        9
 Polar Vortex             Ice            5%         N/A       100%        9


Dungeon Overview and Level Annotations

Branches:
Dungeon (12/15)            Temple (1/1) D:6            Lair (5/5) D:10
 Shoals (0/4) Lair:2       Spider (0/4) Lair:2        Slime (0/5) Lair:4
    Orc (1/2) D:9

Altars:
Ashenzari
Cheibriados
Dithmenos
Fedhas
Gozag
Hepliaklqana
Kikubaaqudgha
Makhleb
Nemelex Xobeh
Okawaru
Qazlal
Ru
Sif Muna
Trog
Uskayaw
Vehumet
Wu Jian
Xom
Yredelemnul
Jiyva

Shops:
D:6 *   D:12 (


Innate Abilities, Weirdness & Mutations

You do not regenerate when monsters are visible.
You are frail without blood (-20% HP).
You can heal yourself when you bite living creatures.
You are immune to poison.
You have razor-sharp teeth.
You have supernaturally acute eyesight. (SInv)
You are afflicted with vampirism and can become a bat while bloodless.


Message History

The orc wizard points at you and mumbles some strange words.
You resist with almost no effort. The orc warrior completely misses you.
The orc warrior barely misses you.
The orc splashes around in the water.
Unknown command.
Unknown command.
Unknown command.
Unknown command.
Unknown command.
Aiming: Charm
Press: ? - help, Shift-Dir - straight line, f - warg, p - orc wizard
Aim: a warg (umbra, chance to affect: 47%)
The warg is charmed.
The orc priest shouts!
The warg bites you.
* * * LOW HITPOINT WARNING * * *
The warg bites you!
* * * LOW HITPOINT WARNING * * *
The orc priest closely misses you.
The orc priest hits your warg with a +0 hand axe.
An orc comes into view. It is wielding a +0 flail.
The orc wizard closely misses you. The orc warrior misses you.
The orc warrior barely misses you.
The orc warrior hits your warg with a +3 war axe!
The orc splashes around in the water.
Unknown command.
You swap places.
The warg bites your warg but does no damage.
Your warg misses the warg.
The orc priest hits you but does no damage.
The orc priest closely misses your warg.
The orc wizard barely misses you. The orc warrior misses your warg.
The orc warrior closely misses your warg.
The orc warrior barely misses you.
The orc hits your warg but does no damage.
The warg bites your warg!
Your warg completely misses the warg.
The warg bites your warg!
Your warg dies!
The orc priest invokes the aid of Beogh against you.
Beogh smites you!
You die...

......o.. .
.......>. ..o
#..o..... #..#
##~~..o...
....##~o~o.o...
......~hooo....
.....$~oo......
.#...$#oo....#.
##..#.@.......
###.....##...#.
##....# ....#
#....## ....#
##....##...##
###......#.#
#.........>
##.........
##....#...


You could see a warg (waterlogged), 3 orc warriors, 4 orc priests, 2 orc wizards
and 3 orcs.

Vanquished Creatures
  Gastronok (Lair:1)
  Nessos (D:12)
  A fire dragon (Lair:5)
  Harold (Lair:2)
  An ice dragon (Lair:5)
  A catoblepas (Lair:1)
  2 hydras
  3 two-headed ogres
  A death yak (Lair:3)
  2 boulder beetles
  2 skeletal warriors (D:11)
  2 orc knights (Orc:1)
  A swamp dragon (Lair:5)
  2 lindwurms (Lair:5)
  A manticore (D:12)
  An ugly thing (D:11)
  A cyclops (D:12)
  Maurice (D:9)
  A meliai (Lair:2)
  8 black mambas
  5 torpor snails (Lair:5)
  Joseph (D:8)
  11 cane toads
  4 gargoyles (D:12)
  4 unseen horrors (D:12)
  10 rime drakes
  8 komodo dragons
  2 kobold demonologists
  A queen bee (Lair:1)
  7 trolls
  6 hornets (Lair:5)
  A polar bear (Lair:4)
  3 tyrant leeches (Lair:5)
  9 dream sheep
  14 blink frogs
  11 wyverns
  47 yaks
  2 wraiths
  6 basilisks
  A warg (Orc:1)
  A human (D:5)
  5 steam dragons
  13 water moccasins
  3 acid dragons
  2 hell hounds (Lair:4)
  2 orc warriors (Orc:1)
  2 ice beasts (D:6)
  2 sky beasts
  5 black bears
  13 wolves
  2 ogres
  13 centaurs
  3 phantoms
  6 kobold brigands
  12 bullfrogs
  2 gnoll sergeants
  3 scorpions
  7 wights
  28 killer bees
  6 howler monkeys
  A crimson imp (D:8)
  2 bombardier beetles
  A hound (D:4)
  2 jellies
  7 orc priests
  Jessica (D:2)
  6 iguanas
  2 sleepcaps
  Natasha (D:2)
  A gnoll bouda (D:6)
  10 orc wizards
  17 hell rats
  14 gnolls
  7 adders
  A shadow imp (D:6)
  A white imp (D:6)
  5 dart slugs
  A ribbon worm (D:2)
  20 orcs
  2 bat zombies (D:3)
  An endoplasm (D:4)
  5 giant cockroaches
  7 hobgoblins
  5 quokkas
  5 ball pythons
  7 bats
  5 frilled lizards
  2 frilled lizard zombies (D:3)
  11 goblins
  27 kobolds
  5 rats
499 creatures vanquished.

Vanquished Creatures (collateral kills)
  A wight (D:9)
1 creature vanquished.

Vanquished Creatures (others)
  2 dancing weapons
  A warg (Orc:1)
3 creatures vanquished.

Grand Total: 503 creatures vanquished

Notes
Turn   | Place    | Note
-------+----------+-------------------------------------------
     0 | D:1      | Aldia the Vampire Enchanter began the quest for the Orb.
     0 | D:1      | Reached XP level 1. HP: 13/13 MP: 3/3
    50 | D:1      | You fall into a shaft and drop 1 floor!
   190 | D:1      | Reached XP level 2. HP: 11/15 MP: 5/5
   193 | D:1      | Learned a level 2 spell: Ensorcelled Hibernation
   314 | D:1      | Reached skill level 5 in Stealth
   654 | D:2      | Noticed Natasha
   661 | D:2      | Killed Natasha
   662 | D:2      | Gained mutation: You are afflicted with vampirism and can
                  | become a bat while bloodless. [Vampire growth]
   662 | D:2      | Reached XP level 3. HP: 19/19 MP: 6/6
   676 | D:2      | Learned a level 3 spell: Confusing Touch
   696 | D:2      | Noticed Jessica
   717 | D:2      | Killed Jessica
   718 | D:2      | Reached skill level 6 in Stealth
   718 | D:2      | Reached skill level 1 in Ice Magic
   718 | D:2      | Reached XP level 4. HP: 7/24 MP: 1/7
  1377 | D:3      | Found a shadowy altar of Dithmenos.
  1385 | D:3      | Found a stormy altar of Qazlal.
  1401 | D:3      | Became a worshipper of Dithmenos the Shadowed
  1412 | D:3      | Found an ornate altar of the Wu Jian Council.
  1484 | D:3      | Found a faded altar of an unknown god.
  1657 | D:3      | Found an ancient bone altar of Kikubaaqudgha.
  1809 | D:3      | Reached XP level 5. HP: 28/28 MP: 5/8
  1983 | D:3      | Reached skill level 7 in Stealth
  1987 | D:3      | Learned a level 3 spell: Tukima's Dance
  1994 | D:3      | Reached * piety under Dithmenos
  2541 | D:4      | Reached XP level 6. HP: 29/32 MP: 9/9
  2839 | D:4      | Reached skill level 8 in Stealth
  2839 | D:4      | Reached skill level 1 in Invocations
  2937 | D:4      | Reached skill level 5 in Short Blades
  3172 | D:5      | Entered Level 5 of the Dungeon
  3354 | D:5      | Reached skill level 5 in Hexes
  3444 | D:5      | Reached XP level 7. HP: 36/36 MP: 10/10
  3537 | D:5      | Found a runed translucent door.
  3537 | D:5      | Noticed a human
  3548 | D:5      | Found a basalt altar of Yredelemnul.
  3560 | D:5      | Killed a human
  4045 | D:6      | Found Cuoceaq's Assorted Antiques.
  4050 | D:6      | Bought a scroll of identify for 48 gold pieces
  4265 | D:6      | Reached skill level 1 in Fighting
  4284 | D:6      | Bought a pair of translucent gloves for 228 gold pieces
  4284 | D:6      | Identified the +2 pair of gloves of the Elven Halls {rF+
                  | Regen+} (You bought it in a shop on level 6 of the Dungeon)
  4304 | D:6      | Found a staircase to the Ecumenical Temple.
  4308 | Temple   | Entered the Ecumenical Temple
  4474 | D:6      | Reached XP level 8. HP: 28/44 MP: 3/12
  4641 | D:6      | Reached ** piety under Dithmenos
  4753 | D:6      | Found a sacrificial altar of Ru.
  4756 | D:6      | Found a sparkling altar of Nemelex Xobeh.
  4858 | D:6      | Found an opulent altar of Gozag.
  4887 | D:7      | Reached skill level 5 in Dodging
  5316 | D:7      | Reached XP level 9. HP: 52/52 MP: 13/13
  5725 | D:8      | Reached skill level 9 in Stealth
  5922 | D:8      | Noticed a kobold demonologist
  5949 | D:8      | Noticed a sixfirhy
  5952 | D:8      | Killed a kobold demonologist
  5952 | D:8      | Reached *** piety under Dithmenos
  5976 | D:8      | Found a bloodstained altar of Trog.
  5980 | D:8      | Found a shimmering blue altar of Sif Muna.
  6217 | D:8      | Noticed Joseph
  6220 | D:8      | Reached skill level 10 in Stealth
  6223 | D:8      | Killed Joseph
  6274 | D:8      | Found a radiant altar of Vehumet.
  6275 | D:8      | Found a burning altar of Makhleb.
  6334 | D:9      | Found a staircase to the Orcish Mines.
  6480 | D:9      | Noticed Maurice
  6487 | D:9      | Killed Maurice
  6488 | D:9      | Reached skill level 11 in Stealth
  6589 | D:9      | Reached XP level 10. HP: 51/56 MP: 14/14
  6644 | D:9      | Noticed a two-headed ogre
  6650 | D:9      | Killed a two-headed ogre
  6651 | D:9      | Reached skill level 12 in Stealth
  6856 | D:9      | Reached skill level 10 in Hexes
  7178 | D:10     | Entered Level 10 of the Dungeon
  7577 | D:10     | Noticed a two-headed ogre
  7581 | D:10     | Killed a two-headed ogre
  7582 | D:10     | Reached skill level 5 in Fighting
  7582 | D:10     | Reached skill level 5 in Spellcasting
  7605 | D:10     | Found a staircase to the Lair.
  7703 | D:10     | Reached skill level 13 in Stealth
  7815 | D:11     | Noticed a skeletal warrior
  7815 | D:11     | Noticed a skeletal warrior
  7815 | D:11     | Noticed a skeletal warrior
  7817 | D:11     | Killed a skeletal warrior
  7818 | D:11     | Reached XP level 11. HP: 64/64 MP: 18/18
  7907 | D:11     | Noticed a purple ugly thing
  8188 | D:11     | Found an opulent altar of Gozag.
  8269 | D:11     | Killed a skeletal warrior
  8291 | D:11     | Noticed a boulder beetle
  8297 | D:11     | Killed a boulder beetle
  8399 | D:11     | Killed a purple ugly thing
  8400 | D:11     | Reached skill level 14 in Stealth
  8461 | D:11     | Reached skill level 10 in Short Blades
  8631 | D:12     | Found Pasaijis's Weapon Emporium.
  8637 | D:12     | Noticed Nessos
  8652 | D:12     | Killed Nessos
  8763 | D:12     | Reached skill level 15 in Stealth
  8921 | D:12     | Reached skill level 10 in Dodging
  9069 | D:12     | Reached **** piety under Dithmenos
  9070 | D:12     | Reached XP level 12. HP: 44/71 MP: 19/19
  9073 | D:12     | Reached skill level 1 in Evocations
  9332 | Lair:1   | Entered Level 1 of the Lair of Beasts
  9360 | Lair:1   | Noticed a catoblepas
  9363 | Lair:1   | Killed a catoblepas
  9493 | Lair:1   | Noticed Gastronok
  9498 | Lair:1   | Killed Gastronok
 10583 | Lair:2   | Found a hole to the Spider Nest.
 10606 | Lair:2   | Noticed Harold
 10626 | Lair:2   | Killed Harold
 10627 | Lair:2   | Reached skill level 5 in Evocations
 10636 | Lair:2   | Reached ***** piety under Dithmenos
 10686 | Lair:2   | Found a staircase to the Shoals.
 10888 | Lair:2   | Reached XP level 13. HP: 80/80 MP: 20/20
 10948 | Lair:2   | Learned a level 3 spell: Dazzling Flash
 11767 | Lair:3   | Reached skill level 16 in Stealth
 12244 | Lair:4   | Found a staircase to the Slime Pits.
 12252 | Lair:4   | Found a viscous altar of Jiyva.
 12392 | Lair:4   | Reached skill level 5 in Invocations
 12669 | Lair:4   | Reached skill level 17 in Stealth
 13214 | Lair:5   | Entered Level 5 of the Lair of Beasts
 13403 | Lair:5   | Reached skill level 1 in Conjurations
 13548 | Lair:5   | Reached XP level 14. HP: 86/86 MP: 23/23
 13771 | Lair:5   | Reached skill level 18 in Stealth
 14522 | Orc:1    | Entered Level 1 of the Orcish Mines
 14629 | Orc:1    | HP: 1/86 [orc priest/divine providence (10)]
 14636 | Orc:1    | Killed from afar by an orc priest

Illustrated notes

Levels and vault maps discovered:
D:1:      minmay_arrival_arboretum_small, layout_rooms
D:2:      layout_basic, uniq_natasha, uniq_jessica
D:3:      layout_loops_ring, lemuel_zombie_altar_kikubaaqudgha,
          mainiacjoe_overflow_six_doors_small, mainiacjoe_overflow_big_doors,
          hellmonk_ecumenical_altar_arch_garden
D:4:      layout_basic, kennysheep_decorative_pillar,
          ebering_dispersal_statue_hall
D:5:      layout_loops_ring, dk_yredelemnul_ordeal
D:6:      kennysheep_spiral_hall, layout_rooms, jmf_multi_god_temple2,
          kennysheep_mini, serial_shops, nicolae_shop_pleasant_corner_grove,
          kennysheep_crisscross
D:7:      layout_cave_pools
D:8:      layout_basic, grunt_temple_overflow_lords_of_destruction,
          hellmonk_overflow_destroyed_library, kennysheep_generic_room_14,
          uniq_joseph
D:9:      layout_irregular_city, orc_0_dummy, uniq_maurice
D:10:     layout_rooms, lair_entry_dummy
D:11:     layout_small_grid, grunt_gozag_statues
D:12:     layout_rooms, serial_shops, shop, uniq_nessos
Temple:   zaba_magenta_temple
Lair:1:   layout_roguey [special_room_bee], serial_forest,
          infiniplex_forest_lined_3, infiniplex_forest_clump_double,
          infiniplex_forest_straight_2, infiniplex_forest_end_3,
          infiniplex_forest_clump_curved, infiniplex_forest_lined_1,
          uniq_gastronok
Lair:2:   layout_roguey, minmay_shoals_entry_centaurs,
          hellmonk_spider_entry_not_the_bees, uniq_harold
Lair:3:   layout_cave_pods
Lair:4:   layout_cave_shapes, slime_entry_1, special_room
          [special_room_mythical_zoo], dreamdust_mushroom_princess
Lair:5:   guppyfry_lair_end_dragon, layout_long_grid, wormcave
Orc:1:    layout_caves, mines2_lemuel

Skill      XL: |  1  2  3  4  5  6  7  8  9 10 11 12 13 14 |
---------------+-------------------------------------------+-----
Stealth        | 5 6 7 8 11 13 15 17 18 | 18.6
Short Blades   | 2 3 4 5 7 9 10 | 10.0
Ice Magic      | 1 |  1.0
Invocations    | 1 2 3 7 9 |  9.5
Hexes          | 5 7 8 10 | 10.0
Spellcasting   | 3 5 6 |  6.0
Fighting       | 1 4 5 6 8 9 |  9.1
Dodging        | 3 6 7 10 12 | 12.0
Evocations     | 5 6 |  6.3
Conjurations   | 1 2 |  2.0

Action                     |  1- 3 |  4- 6 |  7- 9 | 10-12 | 13-15 || total
---------------------------+-------+-------+-------+-------+-------++-------
  Melee: Dagger            |    67 |   153 |   220 |   697 |   507 ||  1644
         Bite              |     2 |    16 |    25 |   104 |    71 ||   218
         Punch             |       |     1 |     3 |     9 |     7 ||    20
   Cast: Ensorcelled Hiber |     2 |     6 |    38 |    78 |   118 ||   242
         Confusing Touch   |       |     1 |     3 |     8 |     8 ||    20
         Tukima's Dance    |       |       |     4 |     6 |       ||    10
         Dazzling Flash    |       |       |       |       |    18 ||    18
 Invoke: Shadow Step       |       |       |       |     5 |     7 ||    12
Ability: Exsanguinate      |     1 |       |       |       |       ||     1
  Evoke: Wand              |       |       |       |     1 |     7 ||     8
         Phial of floods   |       |       |       |       |     2 ||     2
    Use: Potion            |     1 |     1 |       |       |     1 ||     3
         Scroll            |       |     6 |     9 |    13 |     5 ||    33
   Stab: Sleeping          |    14 |    23 |    34 |    79 |   100 ||   250
         Invisible         |     1 |     1 |       |     3 |    15 ||    20
         Distracted        |       |     1 |     1 |     2 |     4 ||     8
         Confused          |       |       |     4 |     9 |    10 ||    23
 Armour: Robe              |    41 |    51 |    73 |   228 |   208 ||   601
  Dodge: Dodged            |    47 |    72 |   145 |   652 |   588 ||  1504
         Repelled          |       |     4 |     2 |       |       ||     6
